1808 views
Uploaded 2022-12-28 14:06:21
Game version 1.32.10
14:41 long 1on1 ladder game on (2)SwampedTemple
Saved by DKnight
1808 views
Uploaded 2022-12-28 14:06:21
Game version 1.32.10
14:41 long 1on1 ladder game on (2)SwampedTemple

/ 0.6k
18 buildings @ 2.6k
/ 1.2k

| Peon | 9 | 675 | / | 0 |
| Troll Batrider | 12 | 1920 | / | 480 |
| Raider | 4 | 720 | / | 160 |
| total: | 25 | 3315g | / | 640w |
| Watch Tower | 7 | 770 | / | 560 |
| Altar of Storms | 1 | 180 | / | 50 |
| Orc Burrow | 5 | 800 | / | 200 |
| War Mill | 1 | 205 | / | 0 |
| Voodoo Lounge | 1 | 130 | / | 30 |
| Barracks | 1 | 180 | / | 50 |
| Beastiary | 2 | 290 | / | 280 |
| Stronghold | 1 | 315 | / | 190 |
| total: | 18 | 2555g | / | 1170w |
| 0:02 | Peon |
| 0:03 | Peon |
| 0:03 | Peon |
| 0:08 | Altar of Storms |
| 0:21 | Orc Burrow |
| 0:38 | War Mill |
| 0:52 | Peon |
| 1:04 | Peon |
| 1:06 | Peon |
| 1:14 | Peon |
| 1:30 | Peon |
| 1:33 | Peon |
| 2:10 | Feral Spirit |
| 2:15 | Watch Tower |
| 2:18 | Watch Tower |
| 2:30 | Orc Burrow |
| 3:05 | Watch Tower |
| 3:19 | Stronghold |
| 3:46 | Voodoo Lounge |
| 4:28 | Watch Tower |
| 5:46 | Beastiary |
| 6:01 | Beastiary |
| 6:14 | Orc Burrow |
| 6:54 | Troll Batrider |
| 6:55 | Troll Batrider |
| 6:59 | Watch Tower |
| 7:10 | Troll Batrider |
| 7:10 | Troll Batrider |
| 7:12 | Troll Batrider |
| 7:12 | Troll Batrider |
| 7:46 | Watch Tower |
| 7:54 | Troll Batrider |
| 7:56 | Troll Batrider |
| 7:57 | Troll Batrider |
| 8:36 | Steel Ranged Weapons |
| 9:00 | Watch Tower |
| 9:02 | Troll Batrider |
| 9:03 | Troll Batrider |
| 9:35 | Chain Lighting |
| 10:06 | Troll Batrider |
| 10:17 | Orc Burrow |
| 10:27 | Thorium Ranged Weapons |
| 10:45 | Steel Armor |
| 11:32 | Raider |
| 11:34 | Raider |
| 12:29 | Raider |
| 12:30 | Raider |
| 12:33 | Orc Burrow |
| 14:31 | Barracks |
| Right click | 623 |
| Select | 168 |
| Build/train/purchase | 39 |
| Select group | 3 |
| Assign group | 1 |
| Misc. action | 1 |
23 units @ 3k
/ 0.3k
20 buildings @ 3.3k
/ 0.8k


| Rod of Necromancy | 2 | 300 |
| Orb of Corruption | 1 | 375 |
| Potion of Lesser Invulnerability | 1 | 150 |
| total: | 4 | 825g |
| Acolyte | 10 | 750 | / | 0 |
| Ghoul | 6 | 720 | / | 0 |
| Crypt Fiend | 5 | 1075 | / | 200 |
| Obsidian Statue | 1 | 200 | / | 35 |
| Meat Wagon | 1 | 230 | / | 50 |
| total: | 23 | 2975g | / | 285w |
| Nerubian Tower | 1 | 100 | / | 20 |
| Spirit Tower | 2 | 290 | / | 80 |
| Altar of Darkness | 1 | 180 | / | 50 |
| Crypt | 1 | 200 | / | 50 |
| Ziggurat | 11 | 1650 | / | 550 |
| Tomb of Relics | 2 | 260 | / | 60 |
| Graveyard | 3 | 645 | / | 0 |
| Necropolis | 1 | 225 | / | 0 |
| Slaughterhouse | 1 | 140 | / | 135 |
| Halls of the Dead | 1 | 320 | / | 210 |
| Black Citadel | 1 | 325 | / | 230 |
| total: | 20 | 3300g | / | 845w |
| 0:03 | Acolyte |
| 0:03 | Acolyte |
| 0:06 | Altar of Darkness |
| 0:08 | Crypt |
| 0:25 | Ziggurat |
| 0:35 | Acolyte |
| 0:47 | Acolyte |
| 1:06 | Tomb of Relics |
| 1:12 | Ghoul |
| 1:30 | Ghoul |
| 1:45 | Ziggurat |
| 1:49 | Ghoul |
| 2:07 | Ghoul |
| 2:29 | Death Coil |
| 2:29 | Rod of Necromancy |
| 2:39 | Ghoul |
| 3:05 | Ziggurat |
| 3:06 | Ghoul |
| 3:42 | Acolyte |
| 3:44 | Halls of the Dead |
| 4:32 | Graveyard |
| 4:47 | Nerubian Tower |
| 5:14 | Graveyard |
| 5:17 | Unholy Aura |
| 5:57 | Graveyard |
| 6:39 | Black Citadel |
| 6:41 | Ziggurat |
| 6:43 | Ziggurat |
| 7:24 | Frost Nova |
| 7:29 | Slaughterhouse |
| 7:48 | Spirit Tower |
| 7:51 | Crypt Fiend |
| 8:17 | Crypt Fiend |
| 8:20 | Web |
| 8:34 | Potion of Lesser Invulnerability |
| 8:53 | Spirit Tower |
| 8:58 | Ziggurat |
| 9:02 | Crypt Fiend |
| 9:15 | Obsidian Statue |
| 9:22 | Orb of Corruption |
| 9:40 | Crypt Fiend |
| 9:58 | Death Coil |
| 10:06 | Dark Ritual |
| 10:21 | Acolyte |
| 10:29 | Crypt Fiend |
| 10:58 | Meat Wagon |
| 11:04 | Acolyte |
| 11:20 | Rod of Necromancy |
| 11:53 | Acolyte |
| 12:28 | Tomb of Relics |
| 12:50 | Frost Nova |
| 12:53 | Acolyte |
| 12:53 | Acolyte |
| 13:02 | Necropolis |
| 13:15 | Ziggurat |
| 13:16 | Ziggurat |
| 13:34 | Ziggurat |
| 14:02 | Ziggurat |
| 14:05 | Ziggurat |
| 14:32 | Unholy Aura |
| Right click | 797 |
| Select group | 551 |
| Select | 239 |
| Misc. action | 60 |
| Build/train/purchase | 52 |
| Assign group | 37 |
| Use ability | 16 |
| Item give/drop | 5 |
| Esc | 5 |
| Remove unit | 2 |